 Dungeon Sprint DCSS version 0.28.0-53-g5a82cb258f (webtiles) character file.

Game seed: 9379194019524882492

3378 Zeld the Jinx (level 9, -5/49 HPs)
             Began as a Spriggan Enchanter on June 14, 2022.
             Was an Elder of Lugonu.
             Slain by a demonic crawler (11 damage)
             ... in the Dungeon (Sprint I: "Red Sonja").
             The game lasted 00:04:24 (1572 turns).

Zeld the Jinx (Spriggan Enchanter)                  Turns: 1572, Time: 00:04:25

Health: -5/49      AC:  5    Str:  4    XL:     9   Next: 74%
Magic:  17/23      EV: 25    Int: 16    God:    Lugonu [****..]
Gold:   615        SH:  0    Dex: 20    Spells: 16/27 levels left

rFire   . . .      SeeInvis +   a - +1 dagger
rCold   . . .      Faith    .   (no shield)
rNeg    . . .      Spirit   .   b - +0 robe
rPois   .          Reflect  .   (helmet restricted)
rElec   .          Harm     .   k - +2 cloak {Stlth+}
rCorr   .          Rampage  .   (gloves unavailable)
Will    +....      NoTele   +   (boots unavailable)
Stlth   +++++++...              (no amulet)
HPRegen 0.16/turn               (no ring)
MPRegen 0.18/turn               (no ring)

@: very quick
A: very small, no large weapons, unfitting armour, see invisible, speed 3
a: Renounce Religion, Bend Space, Banish, Corrupt


You were in the Dungeon.
You worshipped Lugonu.
Lugonu was greatly pleased with you.
You visited 1 branch You collected 846 gold pieces.
You spent 231 gold pieces at shops.

Inventory:

Hand Weapons
 a - a +1 dagger (weapon)
Armour
 b - a +0 robe (worn)
 k - a +2 cloak of stealth (worn)
Scrolls
 i - a scroll of blinking
Potions
 f - a potion of haste
 g - 2 potions of magic
 h - a potion of degeneration {unknown}
 j - a potion of resistance {unknown}


   Skills:
 + Level 6.5 Fighting
 - Level 10.1 Short Blades
 + Level 10.4 Dodging
 + Level 12.9 Stealth
 + Level 9.7 Spellcasting
 * Level 13.6 Hexes
 * Level 6.0 Invocations
 * Level 7.9 Evocations


You had 16 spell levels left.
You knew the following spells:

 Your Spells              Type           Power      Damage    Failure   Level
a - Ensorcelled Hibernat  Hex/Ice        58%        N/A       1%          2
b - Confusing Touch       Hex            51%        N/A       1%          3
c - Tukima's Dance        Hex            51%        N/A       1%          3
d - Dazzling Flash        Conj/Hex       58%        N/A       1%          3

Your spell library contained the following spells:

 Spells                   Type           Power      Damage    Failure   Level


Dungeon Overview and Level Annotations

Branches:
Dungeon (1/1)

Altars:
Cheibriados
Dithmenos
Elyvilon
Fedhas
Gozag
Hepliaklqana
Kikubaaqudgha
Makhleb
Nemelex Xobeh
Okawaru
Qazlal
Ru
Sif Muna
Trog
Uskayaw
Vehumet
Wu Jian
Xom
Yredelemnul
Zin
The Shining One
Jiyva
Lugonu

Shops:
D =[[


Innate Abilities, Weirdness & Mutations

You are very small and have problems with some larger weapons.
You are too small for most types of armour.
You have supernaturally acute eyesight. (SInv)
You cover ground extremely quickly. (Speed+++)


Message History

* * * LOW HITPOINT WARNING * * *
The demonic crawler completely misses you. x2
The demonic crawler hits itself but does no damage.
The demonic crawler hits itself. x2
You hit the demonic crawler but do no damage.
The demonic crawler is almost dead.
A centaur warrior comes into view.
Unknown command.
There is an entrance to Kutosuq's Jewellery Boutique here.
You feel better.
The centaur warrior shouts!
You hit the demonic crawler but do no damage.
The demonic crawler is almost dead.
You hit the demonic crawler but do no damage.
The demonic crawler is almost dead.
The demonic crawler hits you!
* * * LOW HITPOINT WARNING * * *
The demonic crawler misses you. The demonic crawler closely misses you.
Unknown command.
There is an entrance to Kutosuq's Jewellery Boutique here.
Casting: Confusing Touch (safe; 1% risk of failure)
Confirm with . or Enter, or press ? or * to list all spells.
Your hands begin to glow red.
A centaur warrior breaks down the huge gate.
A shining eye comes into view. x2
The shining eye turns its gaze towards you. x2
You hit the demonic crawler but do no damage.
The demonic crawler is almost dead.
Unknown command.
You hit the demonic crawler but do no damage.
The demonic crawler appears confused.
The demonic crawler is almost dead.
The demonic crawler misses you.
The demonic crawler completely misses you.
The demonic crawler barely misses you.
Unknown command.
You hit the demonic crawler but do no damage.
The demonic crawler is severely wounded.
The demonic crawler hits you!
You die...

#..#####'#####'#__
#..####..#...#.###
#..#__####..##)#
#..#_____##'#_.+
#⌠⌠#_.∩...'..._#
####_..__##_.#'##+
#_____###+#.#..
############.####'
#@sc......'...'..÷
###''''####.).####
....####.###
....#.#'#.#
...#.....#
GG#.)(..# .#######


You could see a demonic crawler (confused), 2 shining eyes and a centaur
warrior.

Vanquished Creatures
  Sonja (D)
  A deep troll (D)
  A gargoyle (D)
  2 kobold demonologists (D)
  3 demonic crawlers (D)
  A slime creature (D)
  Sigmund (D)
  A yak (D)
  A floating eye (D)
  An ogre (D)
  A jelly (D)
  Ijyb (D)
15 creatures vanquished.

Vanquished Creatures (others)
  A dancing weapon (D)
  2 ballistomycete spores (D)
3 creatures vanquished.

Grand Total: 18 creatures vanquished

Notes
Turn   | Place    | Note
-------+----------+-------------------------------------------
     0 | D        | Zeld the Spriggan Enchanter began the quest for the Orb.
     0 | D        | Reached XP level 1. HP: 9/9 MP: 5/5
     2 | D        | Noticed Ijyb
    13 | D        | Killed Ijyb
    14 | D        | Reached skill level 1 in Fighting
    14 | D        | Reached skill level 5 in Stealth
    14 | D        | Reached skill level 5 in Hexes
    14 | D        | Reached XP level 2. HP: 14/14 MP: 5/7
    67 | D        | Learned a level 2 spell: Ensorcelled Hibernation
    70 | D        | Noticed an ogre
    72 | D        | Killed an ogre
    73 | D        | Reached skill level 5 in Short Blades
    73 | D        | Reached skill level 6 in Hexes
    73 | D        | Reached XP level 3. HP: 18/18 MP: 8/10
    73 | D        | Reached XP level 4. HP: 23/23 MP: 8/11
    77 | D        | Learned a level 3 spell: Confusing Touch
    81 | D        | Learned a level 3 spell: Tukima's Dance
    85 | D        | Learned a level 3 spell: Dazzling Flash
   110 | D        | Noticed Sigmund
   113 | D        | Killed Sigmund
   114 | D        | Reached skill level 5 in Spellcasting
   114 | D        | Reached skill level 8 in Hexes
   114 | D        | Reached XP level 5. HP: 28/28 MP: 12/14
   114 | D        | Reached XP level 6. HP: 32/32 MP: 12/15
   247 | D        | Found a burning altar of Makhleb.
   247 | D        | Found a viscous altar of Jiyva.
   247 | D        | Found a shimmering altar of Xom.
   247 | D        | Found a corrupted altar of Lugonu.
   247 | D        | Noticed a slime creature
   249 | D        | Found an ornate altar of the Wu Jian Council.
   249 | D        | Found a shimmering blue altar of Sif Muna.
   251 | D        | Found a radiant altar of Vehumet.
   366 | D        | Found Egerudir's Antique Armour Emporium.
   366 | D        | Found an ancient bone altar of Kikubaaqudgha.
   366 | D        | Found a hazy altar of Hepliaklqana.
   366 | D        | Found a hide-covered altar of Uskayaw.
   366 | D        | Found a basalt altar of Yredelemnul.
   366 | D        | Found an opulent altar of Gozag.
   366 | D        | Found a snail-covered altar of Cheibriados.
   366 | D        | Found a sacrificial altar of Ru.
   366 | D        | Found a shadowy altar of Dithmenos.
   366 | D        | Noticed a yak
   367 | D        | Found a stormy altar of Qazlal.
   367 | D        | Found a blossoming altar of Fedhas.
   367 | D        | Found a bloodstained altar of Trog.
   367 | D        | Found an iron altar of Okawaru.
   367 | D        | Found a glowing golden altar of the Shining One.
   367 | D        | Found a glowing silver altar of Zin.
   367 | D        | Found a white marble altar of Elyvilon.
   368 | D        | Killed a yak
   369 | D        | Reached skill level 9 in Hexes
   369 | D        | Found a sparkling altar of Nemelex Xobeh.
   399 | D        | Became a worshipper of Lugonu the Unformed
   399 | D        | Reached * piety under Lugonu
   400 | D        | Killed a slime creature
   401 | D        | Reached skill level 10 in Hexes
   401 | D        | Reached XP level 7. HP: 38/38 MP: 16/18
   425 | D        | Noticed a kobold demonologist
   426 | D        | Noticed a kobold demonologist
   429 | D        | Reached skill level 10 in Stealth
   430 | D        | Killed a kobold demonologist
   430 | D        | Reached ** piety under Lugonu
   431 | D        | Reached skill level 5 in Fighting
   431 | D        | Reached skill level 11 in Hexes
   431 | D        | Reached XP level 8. HP: 43/43 MP: 18/20
   432 | D        | Killed a kobold demonologist
   433 | D        | Reached skill level 10 in Short Blades
   473 | D        | Noticed Sonja
   477 | D        | Killed Sonja
   478 | D        | Reached skill level 12 in Hexes
   941 | D        | Noticed a deep troll
   945 | D        | Killed a deep troll
   946 | D        | Reached skill level 5 in Evocations
   946 | D        | Reached XP level 9. HP: 48/48 MP: 21/23
  1062 | D        | Found Adija's Armour Emporium.
  1066 | D        | Bought a +1 cloak of stealth for 231 gold pieces
  1096 | D        | Found Kutosuq's Jewellery Boutique.
  1138 | D        | Noticed a demonic crawler
  1138 | D        | Noticed a demonic crawler
  1138 | D        | Noticed a demonic crawler
  1138 | D        | Noticed a demonic crawler
  1365 | D        | Noticed a gargoyle
  1410 | D        | Killed a demonic crawler
  1410 | D        | Reached *** piety under Lugonu
  1411 | D        | Reached skill level 10 in Dodging
  1411 | D        | Reached skill level 13 in Hexes
  1411 | D        | Reached skill level 5 in Invocations
  1428 | D        | Killed a gargoyle
  1450 | D        | HP: 1/48 [demonic crawler (8)]
  1460 | D        | Killed a demonic crawler
  1505 | D        | Killed a demonic crawler
  1505 | D        | Reached **** piety under Lugonu
  1561 | D        | Noticed a centaur warrior
  1569 | D        | Noticed a shining eye
  1569 | D        | Noticed a shining eye
  1572 | D        | Slain by a demonic crawler

Illustrated notes

Levels and vault maps discovered:
D:        dungeon_sprint_1 [red_sonja_temple_1, red_sonja_temple_small_1]

Skill      XL: |  1  2  3  4  5  6  7  8  9 |
---------------+----------------------------+-----
Fighting       | 1 2 3 4 5 6 |  6.5
Short Blades   | 3 5 6 8 9 10 | 10.1
Dodging        | 3 4 6 7 8 9 10 | 10.4
Stealth        | 5 6 8 9 10 12 | 12.9
Spellcasting   | 3 4 5 7 9 |  9.7
Hexes          | 5 6 8 10 11 12 13 | 13.6
Invocations    | 4 6 |  6.0
Evocations     | 5 7 |  7.9

Action                   |  1- 3 |  4- 6 |  7- 9 || total
-------------------------+-------+-------+-------++-------
Melee: Dagger            |    10 |     4 |    71 ||    85
       Punch             |       |       |     1 ||     1
 Cast: Ensorcelled Hiber |       |     2 |       ||     2
       Confusing Touch   |       |       |     7 ||     7
       Tukima's Dance    |       |       |     3 ||     3
       Dazzling Flash    |       |       |     1 ||     1
Invok: Bend Space        |       |       |     1 ||     1
Evoke: Wand              |       |       |     6 ||     6
  Use: Potion            |     2 |       |     4 ||     6
       Scroll            |       |       |     2 ||     2
 Stab: Invisible         |     1 |       |       ||     1
       Sleeping          |     1 |     4 |     5 ||    10
       Confused          |       |       |     7 ||     7
Armor: Robe              |       |       |     6 ||     6
Dodge: Dodged            |     4 |       |    65 ||    69
